 Dungeon Crawl Stone Soup version 0.28.0-45-g0d030f2227 (webtiles) character file.

Game seed: 5788492901850998995

5713 Kaptain the Geomancer (level 10, -6/63 HPs)
             Began as a Gargoyle Earth Elementalist on Apr 14, 2022.
             Mangled by an orc warlord
             ... wielding a +3 great mace of draining
              (33 damage)
             ... in a bailey.
             The game lasted 00:23:08 (10938 turns).

Kaptain the Geomancer (GrEE)                       Turns: 10938, Time: 00:23:08

Health: -6/63      AC: 19    Str: 12    XL:     10   Next: 76%
Magic:  10/20      EV: 11    Int: 20    God:
Gold:   649        SH:  4    Dex: 10    Spells: 11/22 levels left

rFire   . . .      SeeInvis .   j - +2 flail (protect)
rCold   . . .      Faith    .   l - +0 buckler
rNeg    + . .      Spirit   .   t - +0 leather armour
rPois   ∞          Reflect  .   u - +0 helmet
rElec   +          Harm     .   (no cloak)
rCorr   +          Rampage  .   g - +0 pair of gloves
Will    .....                   b - +1 pair of boots
Stlth   ++........              B - amulet of magic regeneration
HPRegen 0.20/turn               k - ring of resist corrosion
MPRegen 0.57/turn               F - +4 ring of protection

@: brilliant
A: sickness immunity, AC +7, negative energy resistance 1, electricity
resistance, torment resistance 1, petrification resistance
a: no special abilities


You were in a bailey.
You visited 2 branches of the dungeon, and saw 10 of its levels.
You also visited: Bailey.

You collected 649 gold pieces.

Inventory:

Hand Weapons
 j - a +2 flail of protection (weapon)
 o - the +12 dagger "Eviscerator" {antimagic, rF++ Will- Dex+7}
   (You found it on level 2 of the Dungeon)

   It reduces the magical energy of the wielder, and disrupts the spells and
   magical abilities of those it strikes.
   Natural abilities and divine invocations are not affected.
   Dex:       It affects your dexterity (+7).
   rF:        It greatly protects you from fire.
   Will:      It decreases your willpower.
 x - a +2 short sword of speed
 P - a +3 hand axe
Missiles
 a - 12 boomerangs (quivered)
 c - 234 stones
 h - 69 sling bullets
 q - 2 javelins
Armour
 b - a +1 pair of boots (worn)
 g - a +0 pair of gloves (worn)
 l - a +0 buckler (worn)
 t - a +0 leather armour (worn)
 u - a +0 helmet (worn)
Jewellery
 k - a ring of resist corrosion (left hand)
 B - an amulet of magic regeneration (around neck)
 F - a +4 ring of protection (right hand)
Wands
 f - a wand of mindburst (11)
 y - a wand of flame (9)
 H - a wand of iceblast (3)
 J - a wand of acid (10)
Scrolls
 i - a scroll of magic mapping
 m - a scroll of fear
 s - a scroll of amnesia {unknown}
 v - a scroll of torment {unknown}
 w - 3 scrolls of teleportation {unknown}
 z - a scroll of enchant armour {unknown}
 D - a scroll of vulnerability {unknown}
 E - a scroll of silence {unknown}
 G - a scroll of fog {unknown}
 K - 2 scrolls of enchant weapon
 L - a scroll of identify
 N - a scroll of blinking {unknown}
 O - a scroll of acquirement
Potions
 d - 2 potions of brilliance
 e - a potion of cancellation {unknown}
 n - 4 potions of curing
 p - 4 potions of flight
 r - 2 potions of lignification
 A - a potion of mutation {unknown}
 C - 2 potions of might
 I - a potion of ambrosia {unknown}
 M - 2 potions of magic {unknown}


   Skills:
 * Level 7.6 Fighting
 + Level 5.1 Armour
 - Level 3.4 Dodging
 - Level 2.1 Stealth
 + Level 3.3 Shields
 * Level 6.8 Spellcasting
 * Level 7.6 Conjurations
 - Level 0.7 Transmutations
 * Level 9.2 Earth Magic


You had 11 spell levels left.
You knew the following spells:

 Your Spells              Type           Power      Damage    Failure   Level
a - Sandblast             Erth           100%       2d20      1%          1
b - Stone Arrow           Conj/Erth      100%       3d13      1%          3
c - Blink                 Tloc           20%        N/A       24%         2
d - Iskenderun's Battles  Conj           54%        2d10      19%         5

Your spell library contained the following spells:

 Spells                   Type           Power      Damage    Failure   Level
 Passwall                 Tmut/Erth      33%        N/A       3%          2
 Petrify                  Tmut/Erth      40%        N/A       21%         4
 Animate Armour           Summ/Erth      74%        N/A       24%         4
 Inner Flame              Hex/Fire       10%        N/A       43%         3
 Lesser Beckoning         Tloc           10%        N/A       43%         3
 Fireball                 Conj/Fire      16%        3d8       67%         5
 Cause Fear               Hex            5%         N/A       85%         4
 Manifold Assault         Tloc           10%        N/A       99%         5
 Conjure Ball Lightning   Conj/Air       16%        3x3d6     99%         6
 Orb of Destruction       Conj           27%        9d9       99%         7
 Discord                  Hex            5%         N/A       100%        8
 Lehudib's Crystal Spear  Conj/Erth      28%        10d8      100%        8


Dungeon Overview and Level Annotations

Branches:
Dungeon (9/15)             Temple (1/1) D:7            Lair (0/6) D:8
 Bailey (1/1)
    Orc: D:9-12

Altars:
Ashenzari
Cheibriados
Dithmenos
Elyvilon
Fedhas
Gozag
Kikubaaqudgha
Makhleb
Nemelex Xobeh
Okawaru
Qazlal
Ru
Sif Muna
Trog
Uskayaw
Vehumet
Wu Jian
Xom
Yredelemnul
Zin
The Shining One


Innate Abilities, Weirdness & Mutations

You are immune to sickness and miasma.
Your stone body is resilient. (AC +7)
You are immune to poison.
You resist negative energy. (rN+)
You are resistant to electric shocks. (rElec)
You are resistant to unholy torment.
You are immune to petrification.


Message History

Aiming: Stone Arrow (safe; 1% risk of failure)
Press: ? - help, Shift-Dir - straight line, f/p - orc warlord
Aim: an orc warlord, wielding a +3 great mace of draining and wearing a +0 chain mail (moderately wounded, 84% to hit)
You feel a surge of power!
The stone arrow hits the orc warlord.
The orc warlord is moderately wounded.
The orc warlord hits you with a +3 great mace of draining!
Casting: Stone Arrow (safe; 1% risk of failure)
Confirm with . or Enter, or press ? or * to list all spells.
Aiming: Stone Arrow (safe; 1% risk of failure)
Press: ? - help, Shift-Dir - straight line, f/p - orc warlord
Aim: an orc warlord, wielding a +3 great mace of draining and wearing a +0 chain mail (moderately wounded, 84% to hit)
You feel a surge of power!
The stone arrow hits the orc warlord!
The orc warlord is heavily wounded.
The orc warlord hits you with a +3 great mace of draining.
Casting: Stone Arrow (safe; 1% risk of failure)
Confirm with . or Enter, or press ? or * to list all spells.
Aiming: Stone Arrow (safe; 1% risk of failure)
Press: ? - help, Shift-Dir - straight line, f/p - orc warlord
Aim: an orc warlord, wielding a +3 great mace of draining and wearing a +0 chain mail (moderately wounded, 84% to hit)
You feel a surge of power!
The stone arrow hits the orc warlord!
The orc warlord is heavily wounded.
The orc warlord barely misses you.
Casting: Stone Arrow (safe; 1% risk of failure)
Confirm with . or Enter, or press ? or * to list all spells.
Aiming: Stone Arrow (safe; 1% risk of failure)
Press: ? - help, Shift-Dir - straight line, f/p - orc warlord
Aim: an orc warlord, wielding a +3 great mace of draining and wearing a +0 chain mail (heavily wounded, 84% to hit)
You feel a surge of power!
The stone arrow hits the orc warlord!!
The orc warlord is severely wounded.
The orc warlord hits you with a +3 great mace of draining!
Casting: Stone Arrow (safe; 1% risk of failure)
Confirm with . or Enter, or press ? or * to list all spells.
Aiming: Stone Arrow (safe; 1% risk of failure)
Press: ? - help, Shift-Dir - straight line, f/p - orc warlord
Aim: an orc warlord, wielding a +3 great mace of draining and wearing a +0 chain mail (severely wounded, 84% to hit)
You feel a surge of power!
The stone arrow hits the orc warlord!!
The orc warlord is almost dead.
The orc warlord hits you with a +3 great mace of draining!!
Ouch! That really hurt!
You die...

#######.....⌠.....#######
##.....##.........##.....##
#.......'........[+.......#
##.......##.......##)......#
#....o....#....)..#)........
##.....)...##88.88##.........
#.....⌠.....###'###o..).⌠....
##.........###...###.........
#.....g...#@o.)...#.)...))..
##.......##.......##.......#
#.......#.........#.......#
##.))..##.........##.....##
##'####...........####'##
##.o...##.........##.....##
#.......#.........#.......#
##.......##.......##....o..#
#.........#).....[#.........


You could see an orc warlord.

Vanquished Creatures
  Pikel (D:5)
  An unseen horror (D:9)
  2 komodo dragons (D:8)
  2 wyverns
  Sigmund (D:2)
  3 basilisks (D:8)
  A steam dragon (D:7)
  A water moccasin (D:6)
  A swamp drake (D:8)
  13 orc warriors
  2 ogres
  2 phantoms
  3 centaurs
  A gnoll sergeant (D:6)
  A scorpion (D:6)
  A water moccasin skeleton (D:3)
  3 electric eels (D:8)
  A howler monkey (D:4)
  A jelly (D:5)
  5 hounds
  5 orc priests
  A bullfrog skeleton (D:6)
  A gnoll shaman (D:8)
  8 iguanas
  2 orc wizards
  Robin (D:3)
  8 adders
  23 gnolls
  8 river rats (D:5)
  3 white imps
  An adder skeleton (D:4)
  A worm (D:2)
  3 dart slugs
  25 orcs
  7 endoplasms
  2 giant cockroaches (D:2)
  36 goblins
  25 hobgoblins
  6 jackals
  12 quokkas
  3 ball pythons
  7 bats
  2 frilled lizards
  6 kobolds
  20 rats
262 creatures vanquished.

Notes
Turn   | Place    | Note
-------+----------+-------------------------------------------
     0 | D:1      | Kaptain the Gargoyle Earth Elementalist began the quest for
                  | the Orb.
     0 | D:1      | Reached XP level 1. HP: 10/10 MP: 3/3
   228 | D:1      | Reached XP level 2. HP: 16/16 MP: 0/5
   490 | D:1      | Reached skill level 1 in Conjurations
  1078 | D:1      | Found a faded altar of an unknown god.
  1291 | D:2      | Reached skill level 1 in Fighting
  1291 | D:2      | Reached XP level 3. HP: 20/20 MP: 6/6
  1325 | D:2      | Noticed Sigmund
  1333 | D:2      | Killed Sigmund
  1334 | D:2      | Reached skill level 1 in Armour
  1334 | D:2      | Reached skill level 4 in Earth Magic
  1334 | D:2      | Reached XP level 4. HP: 26/26 MP: 0/8
  1334 | D:2      | Reached XP level 5. HP: 30/30 MP: 0/9
  1723 | D:2      | Identified the +12 dagger "Eviscerator" {antimagic, rF++
                  | Will- Dex+7}
  2039 | D:2      | Reached XP level 6. HP: 30/36 MP: 10/10
  2608 | D:2      | Found a basalt altar of Yredelemnul.
  3174 | D:3      | Noticed Robin
  3206 | D:3      | Killed Robin
  3207 | D:3      | Reached skill level 5 in Earth Magic
  4250 | D:4      | Reached XP level 7. HP: 36/41 MP: 12/12
  4254 | D:4      | Learned a level 3 spell: Stone Arrow
  4852 | D:4      | Noticed a wyvern
  4858 | D:4      | Killed a wyvern
  5013 | D:5      | Entered Level 5 of the Dungeon
  5257 | D:5      | Learned a level 2 spell: Blink
  5545 | D:5      | Reached XP level 8. HP: 30/48 MP: 0/14
  5704 | D:5      | Reached skill level 6 in Earth Magic
  5767 | D:5      | Noticed Pikel
  5798 | D:5      | Killed Pikel
  6123 | D:5      | Reached skill level 5 in Fighting
  6123 | D:5      | Reached skill level 5 in Conjurations
  6771 | D:5      | Reached XP level 9. HP: 54/54 MP: 16/16
  6994 | D:6      | Reached skill level 7 in Earth Magic
  7006 | D:6      | Reached skill level 5 in Spellcasting
  7831 | D:7      | Reached skill level 1 in Shields
  8027 | D:7      | Found a staircase to the Ecumenical Temple.
  8033 | Temple   | Entered the Ecumenical Temple
  8706 | D:8      | Reached skill level 8 in Earth Magic
  9104 | D:8      | Noticed a komodo dragon
  9110 | D:8      | Killed a komodo dragon
  9111 | D:8      | Reached XP level 10. HP: 26/61 MP: 5/18
  9529 | D:8      | Found a staircase to the Lair.
  9556 | D:8      | Learned a level 5 spell: Iskenderun's Battlesphere
  9841 | D:9      | Killed an unseen horror
  9842 | D:9      | Found a flagged portal.
  9850 | Bailey   | Entered a bailey
 10335 | Bailey   | Reached skill level 9 in Earth Magic
 10432 | Bailey   | Reached skill level 5 in Armour
 10497 | Bailey   | Noticed an orc warlord
 10740 | Bailey   | Noticed an orc knight
 10938 | Bailey   | Mangled by an orc warlord

Illustrated notes

Levels and vault maps discovered:
D:1:      elethiomel_arrival_quiet, layout_basic,
          shapermc_ecumenical_altar_venn, nrook_mini_backslash, minivault_27
D:2:      mumra_celtic_spiral_tile, layout_loops_ring, basic_altar,
          minmay_vboxes, uniq_sigmund
D:3:      layout_basic, uniq_robin
D:4:      layout_loops_corners, minmay_goblin_outpost
D:5:      lemuel_ratsnest, layout_gridville, minmay_misc_feat_chi,
          chequers_serial_rivers_room_b, uniq_pikel
D:6:      layout_basic
D:7:      layout_rooms, minmay_temple_entry_hall
D:8:      layout_basic, erik_lair_dragon, disabler_island
D:9:      layout_loops_ring, mainiacjoe_overflow_small_starburst, enter_bailey_3
Temple:   compressed_dpeg_triangle_lava_temple
Bailey:   bailey_axe_minmay_hex_keep, bailey

Skill      XL: |  1  2  3  4  5  6  7  8  9 10 |
---------------+-------------------------------+-----
Conjurations   | 1 2 3 4 5 6 7 |  7.6
Fighting       | 1 2 3 4 5 6 7 |  7.6
Armour         | 1 2 3 4 5 |  5.1
Dodging        | 2 3 |  3.4
Earth Magic    | 4 5 6 8 9 |  9.2
Spellcasting   | 3 4 5 6 |  6.8
Shields        | 2 3 |  3.3
Stealth        | |  2.1
Transmutations | |  0.7

Action                   |  1- 3 |  4- 6 |  7- 9 | 10-12 || total
-------------------------+-------+-------+-------+-------++-------
Melee: Unarmed           |    13 |       |       |       ||    13
       Dagger            |     1 |     5 |       |       ||     6
       Flail             |       |    77 |   156 |    20 ||   253
       Punch             |       |     2 |     2 |       ||     4
Throw: Boomerang         |    14 |       |       |       ||    14
 Cast: Sandblast         |    29 |    85 |    77 |    37 ||   228
       Stone Arrow       |       |       |    82 |   114 ||   196
Evoke: Wand              |       |       |       |     2 ||     2
  Use: Scroll            |       |       |     9 |     2 ||    11
       Potion            |       |       |       |     5 ||     5
 Stab: Sleeping          |     1 |     1 |       |       ||     2
Armor: Robe              |     8 |    36 |       |       ||    44
       Leather armour    |       |    26 |   122 |    76 ||   224
Dodge: Dodged            |    16 |    92 |   167 |    40 ||   315
Block: Buckler           |       |       |     3 |    20 ||    23
